[ AOE2 MATCH · #473025191 ]
Team RMCumans vs Gurjaras
[ REPLAY ANALYSIS · EXTRACTED FROM THE RECORDED GAME ]
Feudal
9:04
Castle
26:26
Imperial
42:33
| APM avg | 35.5 |
| APM peak | 85 |
| eAPM avg | 21.1 |
| Villagers / military | 150 / 220 |
Focus
⚔️ 39.7% · 🌾 60.3%
Spearman ×111 · Knight ×73 · Battering Ram ×20 · Scout Cavalry ×8 · Trebuchet (Packed) ×6 · Mangonel ×2
Feudal
11:20
Castle
14:50
Imperial
46:45
| APM avg | 54.8 |
| APM peak | 97 |
| eAPM avg | 31.5 |
| Villagers / military | 305 / 355 |
Focus
⚔️ 37.1% · 🌾 62.9%
Chakram Thrower ×166 · Camel Scout ×142 · Scout Cavalry ×18 · Armored Elephant ×7 · Mangonel ×5 · Bombard Cannon ×5
Feudal
10:10
Castle
—
Imperial
—
| APM avg | 25.8 |
| APM peak | 110 |
| eAPM avg | 6.0 |
| Villagers / military | 28 / 19 |
Focus
⚔️ 42.2% · 🌾 57.8%
Archer ×14 · Militia ×5
Feudal
11:07
Castle
23:33
Imperial
41:55
| APM avg | 33.2 |
| APM peak | 65 |
| eAPM avg | 22.3 |
| Villagers / military | 103 / 227 |
Focus
⚔️ 53.7% · 🌾 46.3%
Spearman ×79 · Warrior Priest ×57 · Militia ×56 · Scorpion ×10 · Trebuchet (Packed) ×10 · Battering Ram ×9
Match map
Initial resources + every placement click. Lines = walls · curves = elevation contours. ◆ gold · ⬟ stone · ● berries · ✦ relic · ◌ wall gap
Your base· ✓ Closed at 26:26 · 0t walls · 3 gate(s)
JoC-Rui's base· ✓ Closed at 14:50 · 0t walls · 2 gate(s)
Rabee-3's base· ✓ Closed at 12:00 · 8t walls · 3 gate(s)
EmmonsLiu's base· ✓ Closed at 23:33 · 0t walls · 3 gate(s)
Smoothed initial terrain · ◌ = detected wall gap · hover for details
Inputs per minute
— YeMannn - - JoC-Rui
Build order — YeMannn
First 150 of 514 actions detected
| 0:01 | Create | Villager (Male) |
| 0:02 | Create | Villager (Male) |
| 0:03 | Build | House |
| 0:05 | Build | House |
| 0:20 | Create | Villager (Male) |
| 0:20 | Create | Villager (Male) |
| 1:22 | Create | Villager (Male) |
| 2:09 | Create | Villager (Male) |
| 2:23 | Build | Lumber Camp |
| 2:30 | Create | Villager (Male) |
| 2:35 | Create | Villager (Male) |
| 3:24 | Create | Villager (Male) |
| 3:27 | Build | House |
| 3:57 | Create | Villager (Male) |
| 3:57 | Create | Villager (Male) |
| 3:57 | Create | Villager (Male) |
| 5:06 | Create | Villager (Male) |
| 5:06 | Create | Villager (Male) |
| 5:15 | Build | Mill |
| 5:25 | Create | Villager (Male) |
| 5:56 | Create | Villager (Male) |
| 6:54 | Research | Feudal Age |
| 7:06 | Build | Mining Camp |
| 7:37 | Build | House |
| 7:59 | Research | Loom |
| 8:00 | Create | Villager (Male) |
| 8:00 | Create | Villager (Male) |
| 8:13 | Create | Villager (Male) |
| 8:50 | Create | Villager (Male) |
| 9:04 | Age | Feudal Age |
| 9:15 | Build | Blacksmith |
| 9:19 | Create | Villager (Male) |
| 9:19 | Create | Villager (Male) |
| 9:26 | Build | Watch Tower |
| 9:38 | Create | Villager (Male) |
| 10:18 | Create | Villager (Male) |
| 10:25 | Build | House |
| 11:04 | Build | Siege Workshop |
| 11:12 | Research | Fletching |
| 11:17 | Research | Double-Bit Axe |
| 11:52 | Create | Villager (Male) |
| 12:03 | Create | Battering Ram |
| 12:24 | Create | Villager (Male) |
| 12:45 | Create | Battering Ram |
| 13:40 | Create | Villager (Male) |
| 13:47 | Create | Villager (Male) |
| 13:56 | Create | Battering Ram |
| 14:22 | Build | Watch Tower |
| 14:38 | Build | House |
| 14:39 | Build | House |
| 14:39 | Build | House |
| 14:41 | Create | Villager (Male) |
| 14:44 | Build | Mining Camp |
| 15:10 | Create | Battering Ram |
| 16:07 | Build | Watch Tower |
| 16:13 | Create | Villager (Male) |
| 17:20 | Create | Villager (Male) |
| 17:20 | Create | Villager (Male) |
| 17:36 | Build | Farm |
| 17:36 | Build | Farm |
| 17:59 | Build | Watch Tower |
| 18:13 | Create | Villager (Male) |
| 18:15 | Build | Farm |
| 18:15 | Build | Farm |
| 18:16 | Build | Farm |
| 18:16 | Build | Farm |
| 18:20 | Build | Farm |
| 18:23 | Research | Horse Collar |
| 18:50 | Build | Town Center |
| 19:01 | Create | Villager (Male) |
| 19:08 | Build | Farm |
| 19:08 | Build | Farm |
| 19:10 | Create | Villager (Male) |
| 20:19 | Create | Villager (Male) |
| 20:20 | Create | Villager (Male) |
| 20:20 | Create | Villager (Male) |
| 20:20 | Create | Villager (Male) |
| 20:21 | Create | Villager (Male) |
| 20:21 | Create | Villager (Male) |
| 20:22 | Create | Villager (Male) |
| 21:34 | Create | Villager (Male) |
| 21:35 | Build | Farm |
| 21:36 | Build | Farm |
| 21:36 | Build | Farm |
| 21:43 | Build | Farm |
| 22:32 | Create | Villager (Male) |
| 22:33 | Build | Farm |
| 22:34 | Build | Farm |
| 22:39 | Build | Farm |
| 22:39 | Build | Farm |
| 22:40 | Build | Farm |
| 22:40 | Build | Farm |
| 23:44 | Create | Villager (Male) |
| 23:46 | Research | Castle Age |
| 23:51 | Build | Town Center |
| 23:54 | Create | Villager (Male) |
| 23:54 | Create | Villager (Male) |
| 24:04 | Build | Lumber Camp |
| 24:27 | Create | Villager (Male) |
| 24:36 | Build | Barracks |
| 24:37 | Research | Scale Barding Armor |
| 24:53 | Create | Battering Ram |
| 25:15 | Create | Villager (Male) |
| 25:23 | Research | Forging |
| 25:24 | Create | Villager (Male) |
| 25:35 | Build | House |
| 25:36 | Build | House |
| 25:37 | Build | House |
| 25:39 | Create | Villager (Male) |
| 25:39 | Create | Villager (Male) |
| 25:41 | Build | Stable |
| 25:43 | Build | Stable |
| 25:47 | Research | Gold Mining |
| 25:48 | Create | Villager (Male) |
| 26:00 | Create | Villager (Male) |
| 26:07 | Create | Villager (Male) |
| 26:08 | Create | Villager (Male) |
| 26:26 | Age | Castle Age |
| 26:38 | Create | Villager (Male) |
| 26:43 | Create | Villager (Male) |
| 26:54 | Create | Villager (Male) |
| 27:00 | Research | Wheelbarrow |
| 27:05 | Create | Villager (Male) |
| 27:06 | Create | Villager (Male) |
| 27:13 | Build | House |
| 27:14 | Build | House |
| 27:17 | Create | Villager (Male) |
| 27:18 | Create | Villager (Male) |
| 27:28 | Create | Villager (Male) |
| 27:31 | Research | Light Cavalry (upgrade) |
| 27:36 | Create | Scout Cavalry |
| 27:44 | Build | Farm |
| 27:44 | Build | Farm |
| 27:44 | Build | Farm |
| 27:45 | Build | Farm |
| 27:48 | Build | Farm |
| 27:50 | Build | Farm |
| 27:52 | Create | Villager (Male) |
| 27:54 | Create | Villager (Male) |
| 28:06 | Build | Siege Workshop |
| 28:13 | Create | Scout Cavalry |
| 28:16 | Create | Knight |
| 28:34 | Create | Villager (Male) |
| 28:35 | Create | Villager (Male) |
| 28:53 | Create | Mangonel |
| 29:02 | Create | Scout Cavalry |
| 29:05 | Create | Scout Cavalry |
| 29:10 | Build | House |
| 29:19 | Create | Villager (Male) |
| 29:24 | Create | Villager (Male) |
Build order — JoC-Rui
First 150 of 875 actions detected
| 0:00 | Create | Villager (Male) |
| 0:00 | Create | Villager (Male) |
| 0:02 | Build | House |
| 0:09 | Build | House |
| 0:15 | Create | Villager (Male) |
| 0:19 | Create | Villager (Male) |
| 0:49 | Build | Mill |
| 1:27 | Create | Villager (Male) |
| 1:55 | Create | Villager (Male) |
| 1:56 | Create | Villager (Male) |
| 2:13 | Create | Villager (Male) |
| 2:44 | Create | Villager (Male) |
| 3:02 | Create | Villager (Male) |
| 3:02 | Create | Villager (Male) |
| 3:12 | Create | Villager (Male) |
| 3:25 | Create | Villager (Male) |
| 3:49 | Build | House |
| 3:58 | Create | Villager (Male) |
| 4:00 | Create | Villager (Male) |
| 4:03 | Create | Villager (Male) |
| 4:31 | Create | Villager (Male) |
| 4:40 | Create | Villager (Male) |
| 4:41 | Create | Villager (Male) |
| 5:19 | Create | Villager (Male) |
| 5:28 | Build | House |
| 5:50 | Create | Villager (Male) |
| 6:13 | Create | Villager (Male) |
| 6:34 | Create | Villager (Male) |
| 6:39 | Build | Lumber Camp |
| 6:47 | Create | Villager (Male) |
| 7:06 | Build | Farm |
| 7:20 | Build | Farm |
| 7:41 | Build | House |
| 8:23 | Research | Feudal Age |
| 8:27 | Build | Farm |
| 8:53 | Build | Mining Camp |
| 10:30 | Create | Villager (Male) |
| 10:30 | Create | Villager (Male) |
| 11:20 | Age | Feudal Age |
| 11:22 | Build | Market |
| 11:24 | Build | Blacksmith |
| 11:30 | Research | Double-Bit Axe |
| 11:37 | Research | Horse Collar |
| 12:08 | Research | Castle Age |
| 12:08 | Research | Castle Age |
| 12:12 | Research | Gold Mining |
| 12:46 | Create | Villager (Male) |
| 13:35 | Create | Villager (Male) |
| 14:44 | Build | House |
| 14:45 | Build | House |
| 14:50 | Age | Castle Age |
| 14:54 | Build | Monastery |
| 14:57 | Build | Siege Workshop |
| 15:13 | Build | Farm |
| 15:14 | Create | Villager (Male) |
| 15:15 | Build | House |
| 15:16 | Build | House |
| 15:39 | Create | Monk |
| 15:40 | Create | Monk |
| 15:58 | Create | Mangonel |
| 16:02 | Create | Villager (Male) |
| 16:13 | Build | House |
| 16:14 | Build | House |
| 16:15 | Build | House |
| 16:26 | Create | Mangonel |
| 16:28 | Create | Villager (Male) |
| 16:40 | Build | Farm |
| 16:47 | Create | Villager (Male) |
| 17:00 | Create | Villager (Male) |
| 17:07 | Create | Monk |
| 17:22 | Create | Villager (Male) |
| 17:24 | Build | Farm |
| 17:42 | Create | Villager (Male) |
| 17:45 | Build | Farm |
| 17:47 | Build | Farm |
| 17:48 | Build | Farm |
| 17:48 | Build | Farm |
| 18:01 | Create | Monk |
| 18:02 | Create | Villager (Male) |
| 18:06 | Build | Mining Camp |
| 18:35 | Create | Villager (Male) |
| 18:40 | Build | Lumber Camp |
| 18:43 | Create | Villager (Male) |
| 19:14 | Create | Villager (Male) |
| 19:18 | Create | Villager (Male) |
| 19:46 | Create | Villager (Male) |
| 20:00 | Create | Villager (Male) |
| 20:14 | Create | Villager (Male) |
| 20:17 | Build | Town Center |
| 20:20 | Build | Town Center |
| 20:26 | Create | Scorpion |
| 20:26 | Create | Scorpion |
| 20:27 | Create | Armored Elephant |
| 20:28 | Create | Armored Elephant |
| 20:36 | Create | Villager (Male) |
| 20:48 | Build | Farm |
| 21:30 | Research | Sanctity |
| 21:40 | Build | Town Center |
| 21:44 | Research | Bow Saw |
| 21:50 | Build | House |
| 22:02 | Create | Scorpion |
| 22:06 | Create | Villager (Male) |
| 22:30 | Create | Villager (Male) |
| 22:40 | Create | Mangonel |
| 22:45 | Build | Farm |
| 22:49 | Create | Villager (Male) |
| 22:49 | Create | Villager (Male) |
| 22:49 | Create | Villager (Male) |
| 22:50 | Create | Villager (Male) |
| 22:57 | Create | Villager (Male) |
| 22:59 | Build | Farm |
| 23:10 | Create | Villager (Male) |
| 23:46 | Build | Farm |
| 23:46 | Build | Farm |
| 23:46 | Build | Farm |
| 23:47 | Build | Farm |
| 23:47 | Build | Farm |
| 23:47 | Build | Farm |
| 23:47 | Build | Farm |
| 23:48 | Build | Farm |
| 23:48 | Build | Farm |
| 23:48 | Create | Villager (Male) |
| 23:50 | Create | Villager (Male) |
| 23:50 | Create | Villager (Male) |
| 23:51 | Create | Villager (Male) |
| 23:51 | Create | Villager (Male) |
| 24:17 | Build | Farm |
| 24:18 | Build | Farm |
| 24:18 | Build | Farm |
| 24:19 | Build | Farm |
| 24:19 | Build | Farm |
| 24:19 | Create | Villager (Male) |
| 24:28 | Create | Villager (Male) |
| 25:08 | Create | Villager (Male) |
| 25:15 | Create | Villager (Male) |
| 25:20 | Create | Armored Elephant |
| 25:22 | Create | Villager (Male) |
| 25:25 | Build | Farm |
| 25:27 | Build | Lumber Camp |
| 25:31 | Build | Farm |
| 25:31 | Build | Farm |
| 25:32 | Build | Farm |
| 25:32 | Build | Farm |
| 25:32 | Build | Farm |
| 25:32 | Build | Farm |
| 25:32 | Build | Farm |
| 25:41 | Create | Villager (Male) |
| 25:48 | Create | Villager (Male) |
| 25:52 | Build | Farm |
| 26:08 | Create | Villager (Male) |
Build order — Rabee-3
72 actions detected in the replay
| 0:01 | Create | Villager (Male) ×4 |
| 0:02 | Build | House |
| 0:03 | Build | House |
| 0:04 | Build | House |
| 1:22 | Create | Villager (Male) |
| 1:45 | Create | Villager (Male) |
| 2:22 | Create | Villager (Male) |
| 2:59 | Create | Villager (Male) |
| 2:59 | Create | Villager (Male) |
| 3:00 | Create | Villager (Male) |
| 3:27 | Create | Villager (Male) |
| 3:33 | Build | Lumber Camp |
| 3:59 | Build | House |
| 4:00 | Build | House |
| 4:04 | Create | Villager (Male) |
| 4:05 | Create | Villager (Male) |
| 4:05 | Create | Villager (Male) |
| 4:49 | Build | Mill |
| 5:21 | Create | Villager (Male) |
| 5:52 | Create | Villager (Male) |
| 5:52 | Create | Villager (Male) |
| 5:52 | Create | Villager (Male) |
| 5:52 | Create | Villager (Male) |
| 6:29 | Build | Farm |
| 6:31 | Build | Farm |
| 7:17 | Build | Farm |
| 7:35 | Create | Villager (Male) |
| 7:53 | Research | Feudal Age |
| 8:04 | Build | Mining Camp |
| 8:52 | Build | Barracks |
| 9:47 | Build | Palisade Wall |
| 10:10 | Age | Feudal Age |
| 10:15 | Build | Watch Tower |
| 10:19 | Create | Villager (Male) |
| 10:39 | Build | Blacksmith |
| 10:48 | Create | Villager (Male) |
| 11:09 | Create | Villager (Male) |
| 11:14 | Build | Market |
| 11:22 | Create | Villager (Male) |
| 11:30 | Research | Fletching |
| 11:36 | Create | Villager (Male) |
| 11:44 | Build | Mining Camp |
| 12:07 | Create | Villager (Male) |
| 12:43 | Build | House |
| 12:52 | Create | Villager (Male) |
| 13:11 | Build | House |
| 13:13 | Build | House |
| 13:14 | Build | House |
| 13:19 | Build | House |
| 13:50 | Build | Archery Range |
| 14:00 | Create | Villager (Male) |
| 14:18 | Create | Archer |
| 14:18 | Create | Archer |
| 14:19 | Create | Archer |
| 15:10 | Build | Archery Range |
| 15:12 | Create | Archer |
| 16:01 | Create | Archer |
| 16:02 | Create | Archer |
| 16:15 | Create | Archer |
| 16:15 | Create | Archer |
| 16:16 | Create | Archer |
| 16:16 | Create | Archer |
| 16:16 | Create | Archer |
| 17:06 | Create | Archer |
| 17:50 | Create | Archer |
| 17:50 | Create | Archer |
| 18:26 | Research | Man-at-Arms (upgrade) |
| 18:26 | Create | Militia |
| 18:27 | Create | Militia |
| 18:27 | Create | Militia |
| 18:27 | Create | Militia |
| 18:27 | Create | Militia |
Build order — EmmonsLiu
First 150 of 463 actions detected
| 0:04 | Create | Villager (Male) |
| 0:04 | Create | Villager (Male) |
| 0:04 | Create | Villager (Male) |
| 0:04 | Create | Villager (Male) |
| 0:06 | Build | House |
| 0:08 | Build | House |
| 1:30 | Create | Villager (Male) |
| 1:30 | Create | Villager (Male) |
| 2:20 | Create | Villager (Male) |
| 2:20 | Create | Villager (Male) |
| 2:53 | Create | Villager (Male) |
| 2:53 | Create | Villager (Male) |
| 3:18 | Build | Mule Cart |
| 3:31 | Create | Villager (Male) |
| 3:31 | Create | Villager (Male) |
| 3:55 | Create | Villager (Male) |
| 3:55 | Create | Villager (Male) |
| 4:08 | Create | Villager (Male) |
| 4:09 | Create | Villager (Male) |
| 4:13 | Build | House |
| 5:08 | Create | Villager (Male) |
| 5:08 | Create | Villager (Male) |
| 5:50 | Create | Villager (Male) |
| 6:06 | Create | Villager (Male) |
| 6:29 | Create | Villager (Male) |
| 6:29 | Create | Villager (Male) |
| 6:33 | Build | Mule Cart |
| 6:45 | Build | House |
| 6:53 | Build | Mill |
| 7:41 | Create | Villager (Male) |
| 7:41 | Create | Villager (Male) |
| 8:00 | Create | Villager (Male) |
| 8:10 | Build | Farm |
| 8:30 | Create | Villager (Male) |
| 8:40 | Build | Barracks |
| 8:57 | Research | Feudal Age |
| 8:57 | Research | Feudal Age |
| 9:01 | Build | Farm |
| 9:38 | Build | House |
| 9:39 | Build | House |
| 9:41 | Create | Militia |
| 9:41 | Create | Militia |
| 10:16 | Create | Militia |
| 10:16 | Create | Militia |
| 10:45 | Build | House |
| 11:00 | Create | Militia |
| 11:00 | Create | Militia |
| 11:07 | Age | Feudal Age |
| 11:12 | Create | Villager (Male) |
| 11:12 | Create | Villager (Male) |
| 11:21 | Build | Blacksmith |
| 11:25 | Research | Man-at-Arms (upgrade) |
| 11:54 | Build | Farm |
| 12:22 | Build | Farm |
| 12:30 | Create | Militia |
| 12:30 | Create | Militia |
| 12:33 | Research | Scale Mail Armor |
| 12:39 | Create | Villager (Male) |
| 12:40 | Create | Villager (Male) |
| 13:04 | Research | Long Swordsman (upgrade) |
| 13:41 | Build | Farm |
| 13:44 | Create | Militia |
| 13:44 | Create | Militia |
| 13:44 | Create | Militia |
| 14:27 | Create | Militia |
| 14:28 | Create | Militia |
| 14:28 | Create | Militia |
| 14:31 | Create | Villager (Male) |
| 14:31 | Create | Villager (Male) |
| 14:47 | Create | Villager (Male) |
| 14:58 | Build | Farm |
| 14:59 | Create | Villager (Male) |
| 16:02 | Build | Farm |
| 16:05 | Build | House |
| 16:07 | Build | Farm |
| 17:00 | Create | Militia |
| 17:01 | Create | Militia |
| 17:01 | Create | Militia |
| 17:06 | Build | Farm |
| 17:08 | Build | Farm |
| 17:10 | Build | Farm |
| 17:50 | Build | Farm |
| 17:58 | Build | Market |
| 18:00 | Create | Villager (Male) |
| 18:00 | Create | Villager (Male) |
| 20:30 | Create | Militia |
| 20:30 | Create | Militia |
| 20:30 | Create | Militia |
| 20:31 | Create | Militia |
| 20:53 | Research | Castle Age |
| 20:56 | Build | House |
| 20:57 | Build | House |
| 21:19 | Build | Mill |
| 21:24 | Research | Horse Collar |
| 22:09 | Build | Farm |
| 22:10 | Build | Farm |
| 22:15 | Build | House |
| 22:16 | Build | House |
| 22:30 | Create | Spearman |
| 22:30 | Create | Spearman |
| 22:30 | Create | Spearman |
| 22:30 | Create | Spearman |
| 22:44 | Research | Forging |
| 22:50 | Build | Farm |
| 23:33 | Age | Castle Age |
| 23:36 | Build | Monastery |
| 23:41 | Research | Gambesons |
| 23:41 | Research | Two-Handed Swordsman (upgrade) |
| 23:42 | Research | Squires |
| 23:51 | Build | Monastery |
| 23:53 | Create | Villager (Male) |
| 23:53 | Create | Villager (Male) |
| 24:16 | Create | Villager (Male) |
| 25:18 | Create | Warrior Priest |
| 25:18 | Create | Warrior Priest |
| 25:19 | Create | Warrior Priest |
| 25:19 | Create | Warrior Priest |
| 25:19 | Create | Warrior Priest |
| 25:19 | Create | Warrior Priest |
| 25:22 | Build | House |
| 25:23 | Build | House |
| 25:27 | Build | Monastery |
| 25:28 | Create | Villager (Male) |
| 25:29 | Create | Villager (Male) |
| 25:51 | Build | Town Center |
| 25:52 | Create | Villager (Male) |
| 25:52 | Create | Villager (Male) |
| 26:02 | Research | Fervor |
| 26:12 | Build | House |
| 26:20 | Research | Sanctity |
| 26:21 | Research | Fervor |
| 26:24 | Create | Villager (Male) |
| 26:24 | Create | Villager (Male) |
| 26:27 | Build | Farm |
| 26:27 | Create | Villager (Male) |
| 26:47 | Build | Siege Workshop |
| 26:48 | Create | Villager (Male) |
| 26:58 | Build | House |
| 26:59 | Build | House |
| 27:03 | Create | Warrior Priest |
| 27:03 | Create | Warrior Priest |
| 27:03 | Create | Warrior Priest |
| 27:18 | Build | Farm |
| 27:32 | Research | Gold Mining |
| 27:43 | Build | Farm |
| 28:04 | Build | House |
| 28:35 | Create | Mangonel |
| 28:42 | Create | Battering Ram |
| 28:42 | Create | Battering Ram |
| 28:44 | Create | Villager (Male) |
Match timeline
| 8:40 | EmmonsLiu · first_building Barracks |
| 8:52 | Rabee-3 · first_building Barracks |
| 9:04 | YeMannn · age_up feudal |
| 9:47 | Rabee-3 · wall_segment Palisade Wall x8 |
| 10:10 | Rabee-3 · age_up feudal |
| 11:04 | YeMannn · first_building Siege Workshop |
| 11:07 | EmmonsLiu · age_up feudal |
| 11:20 | JoC-Rui · age_up feudal |
| 13:50 | Rabee-3 · first_building Archery Range |
| 14:50 | JoC-Rui · age_up castle |
| 14:54 | JoC-Rui · first_building Monastery |
| 14:57 | JoC-Rui · first_building Siege Workshop |
| 15:08 | Rabee-3 · first_market_sell 500 food |
| 15:08 | Rabee-3 · first_market_buy 100 wood |
| 15:53 | JoC-Rui · first_market_buy 100 wood |
| 15:57 | JoC-Rui · first_market_sell 100 food |
| 23:33 | EmmonsLiu · age_up castle |
| 23:36 | EmmonsLiu · first_building Monastery |
| 24:36 | YeMannn · first_building Barracks |
| 25:41 | YeMannn · first_building Stable |
| 26:18 | JoC-Rui · first_building Castle |
| 26:26 | YeMannn · age_up castle |
| 26:47 | EmmonsLiu · first_building Siege Workshop |
| 30:57 | JoC-Rui · first_building Barracks |
| 31:27 | JoC-Rui · first_building Stable |
| 33:22 | YeMannn · first_building Castle |
| 35:56 | Rabee-3 · resign |
| 37:13 | JoC-Rui · wall_segment Stone Wall x1 |
| 38:27 | EmmonsLiu · first_market_sell 100 wood |
| 38:29 | EmmonsLiu · first_market_buy 100 food |
| 39:53 | EmmonsLiu · first_building Castle |
| 41:55 | EmmonsLiu · age_up imperial |
| 42:33 | YeMannn · age_up imperial |
| 46:45 | JoC-Rui · age_up imperial |
| 53:45 | JoC-Rui · wall_segment Stone Wall x4 |
| 56:29 | JoC-Rui · wall_segment Stone Wall x1 |
| 56:30 | JoC-Rui · wall_segment Stone Wall x1 |
| 56:32 | JoC-Rui · wall_segment Stone Wall x1 |
| 56:35 | JoC-Rui · wall_segment Stone Wall x1 |
| 57:05 | EmmonsLiu · first_building Archery Range |
[ AI ANALYSIS · 1 CREDIT ]
What really happened in this match?
Wolo.gg analyzes every decision: build order, eco, micro, common mistakes by bracket. Personalized analysis on WhatsApp or Discord in 30 seconds.
Civ guide
Cumans
Map guide
Arena
Perfil
YeMannn